 Dungeon Crawl Stone Soup version 0.19-a0-607-g42021f0 (webtiles) character file.

66 Kilingo the Insei (level 4, -6/33 HPs)
             Began as a Merfolk Transmuter on June 12, 2016.
             Killed by divine providence
             ... invoked by an orc priest
              (11 damage)
             ... on level 3 of the Dungeon.
             The game lasted 00:13:40 (1684 turns).

Kilingo the Insei (Merfolk Transmuter)              Turns: 1684, Time: 00:13:48

Health: -6/33      AC:  7    Str: 10    XL:     4   Next: 15%
Magic:  2/7        EV: 13    Int: 13    God:
Gold:   119        SH:  0    Dex: 14    Spells: 3 memorised, 1 level left

rFire  . . .     SeeInvis .     a - +2 dagger (protect)
rCold  . . .     Gourm    .     b - +0 robe
rNeg   . . .     Faith    .     (no shield)
rPois  .         Spirit   .     (no helmet)
rElec  .         Dismiss  .     (no cloak)
rCorr  .         Reflect  .     (no gloves)
SustAt .         Harm     .     (no boots)
MR     .....                    (no amulet)
Stlth  ++........               (no ring)
                                (no ring)

@: flying, not resistant to hostile enchantments, unstealthy
A: change form in water, swift swim
a: no special abilities


You were on level 3 of the Dungeon.
You were not hungry.

You visited 1 branch of the dungeon, and saw 3 of its levels.

You collected 119 gold pieces.

Inventory:

Hand Weapons
 a - a +2 dagger of protection (weapon)
 h - a +0 dagger of venom
Missiles
 k - 27 arrows
Armour
 b - a +0 robe (worn)
 q - a +0 pair of boots
Jewellery
 g - a cursed +4 ring of dexterity {unknown}
 l - an uncursed ring of fire {unknown}
Scrolls
 m - a scroll of identify {unknown}
Potions
 e - a potion of curing {unknown}
 i - a potion of flight
 j - a potion of heal wounds {unknown}
 n - a potion of resistance {unknown}
Books
 c - a book of Changes

   Spells                             Type                      Level
   a - Beastly Appendage              Transmutation                1
   b - Sticks to Snakes               Transmutation                2
   c - Spider Form                    Transmutation/Poison         3
   d - Ice Form                       Ice/Transmutation            4
   e - Blade Hands                    Transmutation                5
Comestibles
 d - 4 bread rations
 f - 3 chunks of flesh
 o - 2 beef jerkies
 p - 2 fruits


   Skills:
 + Level 2.0 Fighting
 - Level 2.2 Short Blades
 - Level 1.5 Armour
 - Level 2.6 Dodging
 - Level 1.0 Stealth
 - Level 3.2 Unarmed Combat
 - Level 2.0 Spellcasting
 - Level 2.6 Transmutations


You had one spell level left.
You knew the following spells:

 Your Spells              Type           Power        Failure   Level  Hunger
a - Beastly Appendage     Tmut           #.....       10%         1    ##.....
b - Sticks to Snakes      Tmut           #.......     14%         2    ###....
c - Spider Form           Tmut/Pois      #.........   52%         3    ####...


Dungeon Overview and Level Annotations

Branches:
Dungeon (3/15)

Altars:


Message History

The orc priest invokes the aid of Beogh against you.
Beogh smites you!
* * * LOW HITPOINT WARNING * * *
The orc priest miscasts a cantrip.
Your adder bites the orc priest.
The orc priest completely misses your adder.
Your adder bites the orc priest.
The orc priest is poisoned.
Your adder poisons the orc priest!
Your adder misses the orc priest.
The orc priest closely misses your adder.
It was a potion of flight.
You feel very buoyant.
You fly up into the air.
Your adder closely misses the orc priest.
Casting: Sticks to Snakes
Confirm with . or Enter, or press ? or * to list all spells.
You create a snake!
You now have 27 arrows.
The orc priest closely misses your adder.
The orc priest calls down the wrath of Beogh upon you.
Beogh smites you!
You die...

#######
.>.....###############
.o..o..ooooSS.@......$
.......###############
###.### #


You could see 3 orc priests, an orc, a friendly adder and a friendly ball
python.

Vanquished Creatures
  3 adders (D:2)
  A dart slug (D:1)
  2 ball pythons
  7 bats
  2 giant cockroaches
  3 goblins (D:1)
  6 hobgoblins
  2 quokkas (D:2)
  A giant newt (D:1)
  A kobold (D:1)
  7 rats
35 creatures vanquished.

Vanquished Creatures (collateral kills)
  An orc (D:3)
  A bat (D:1)
2 creatures vanquished.

Grand Total: 37 creatures vanquished

Notes
Turn   | Place    | Note
--------------------------------------------------------------
     0 | D:1      | Kilingo the Merfolk Transmuter began the quest for the Orb.
     0 | D:1      | Reached XP level 1. HP: 15/15 MP: 3/3
   237 | D:1      | Reached skill level 1 in Armour
   297 | D:1      | Reached XP level 2. HP: 21/21 MP: 3/5
   304 | D:1      | Learned a level 2 spell: Sticks to Snakes
  1022 | D:2      | Reached skill level 1 in Stealth
  1022 | D:2      | Reached XP level 3. HP: 15/26 MP: 3/6
  1037 | D:2      | Learned a level 3 spell: Spider Form
  1184 | D:2      | Reached skill level 1 in Short Blades
  1332 | D:2      | Reached XP level 4. HP: 29/33 MP: 3/7
  1684 | D:3      | Killed from afar by an orc priest

Vault maps used:
D:1:      kilobyte_arrival_exit_the_forest, minmay_box_of_dots
D:2:      first_bread
D:3:      minivault_5

Skill      XL: |  1  2  3  4 |
---------------+-------------+-----
Armour         | 1 |  1.5
Stealth        | 1 |  1.0
Short Blades   | 2 |  2.2
Fighting       | 2 |  2.0
Dodging        | |  2.6
Unarmed Combat | |  3.2
Spellcasting   | |  2.0
Transmutations | |  2.6

Action                   |  1- 3 |  4- 6 || total
-------------------------+-------+-------++-------
Melee: Unarmed           |    69 |     3 ||    72
       Headbutt          |     9 |     2 ||    11
       Dagger            |    31 |     8 ||    39
       Punch             |     1 |       ||     1
 Cast: Beastly Appendage |    21 |     5 ||    26
       Sticks to Snakes  |     1 |     3 ||     4
       Spider Form       |     3 |       ||     3
  Use: Potion            |       |     1 ||     1
  Eat: Chunk             |     2 |     2 ||     4
Armor: Robe              |    28 |     2 ||    30
Dodge: Dodged            |    87 |     7 ||    94
